 Dungeon Crawl Stone Soup version 0.24-a0-275-g6f7e2cb (webtiles) character file.

Game seed: 8649381159311246383

2303 Avack the Carver (level 9, -5/42 HPs)
             Began as a Vine Stalker Skald on Apr 28, 2019.
             Was a Follower of Uskayaw.
             Slain by a hornet (11 damage)
             ... while paralysed by a hornet
             ... on level 7 of the Dungeon.
             The game lasted 00:22:21 (6282 turns).

Avack the Carver (Vine Stalker Skald)               Turns: 6282, Time: 00:22:21

Health: -5/42      AC:  5    Str: 16    XL:     9   Next: 40%
Magic:  0/13       EV:  2    Int: 15    God:    Uskayaw [*.....]
Gold:   286        SH:  0    Dex: 16    Spells: 1/12 levels left

rFire    x . .     SeeInvis .   a - +0 falchion
rCold    + . .     Gourm    .   (no shield)
rNeg     . . .     Faith    .   b - +0 leather armour
rPois    .         Spirit   +   (no helmet)
rElec    .         Reflect  .   h - +0 cloak
rCorr    .         Harm     .   (no gloves)
MR       +....                  f - +0 pair of boots
Stlth    +.........             (no amulet)
HPRegen  0.54/turn              r - +3 ring of strength
MPRegen  0.13/turn              D - ring of ice

@: paralysed, very slightly contaminated
A: fangs 3, regeneration 1, magic shield, antimagic bite, no potion heal 3, rot
immunity
a: Stomp, Renounce Religion


You were on level 7 of the Dungeon.
You worshipped Uskayaw.
Uskayaw was noncommittal.
You were near starving.

You visited 2 branches of the dungeon, and saw 8 of its levels.

You collected 286 gold pieces.

Inventory:

Hand Weapons
 a - a +0 falchion (weapon)
 x - a +0 blowgun
Missiles
 c - 101 stones (quivered)
 j - 39 poisoned needles
 k - a throwing net
 m - 8 javelins
Armour
 b - a +0 leather armour (worn)
 f - a +0 pair of boots (worn)
 h - a +0 cloak (worn)
Jewellery
 l - an uncursed ring of poison resistance
 r - a +3 ring of strength (left hand)
 D - a ring of ice (right hand)
Wands
 p - a wand of scattershot (6)
 E - a wand of random effects (15)
Scrolls
 e - 2 scrolls of identify
 n - 5 scrolls of remove curse
 s - 2 scrolls of teleportation
 v - a scroll of enchant armour {unknown}
 w - a scroll of magic mapping {unknown}
 y - a scroll of random uselessness {unknown}
 z - a scroll of fear {unknown}
 C - 2 scrolls of fog
Potions
 g - a potion of mutation
 i - 2 potions of berserk rage
 o - 3 potions of cancellation
 t - a potion of flight
 u - 5 potions of lignification
 A - a potion of haste
 B - a potion of curing
Comestibles
 d - 9 rations


   Skills:
 - Level 1.7 Fighting
 + Level 10.7 Long Blades
 - Level 0.7 Armour
 - Level 1.5 Dodging
 - Level 2.1 Spellcasting
 - Level 2.5 Hexes
 - Level 4.1 Charms


You had one spell level left.
You knew the following spells:

 Your Spells              Type           Power        Failure   Level  Hunger
a - Infusion              Chrm           ##..         4%          1    #......
b - Song of Slaying       Chrm           ##......     8%          2    ###....
c - Spectral Weapon       Hex/Chrm       ##......     21%         3    ###....
d - Shroud of Golubria    Chrm/Tloc      #.........   17%         2    ###....
e - Regeneration          Chrm/Necr      #.........   34%         3    ###....

Your spell library contained the following spells:

 Spells                   Type           Power        Failure   Level  Hunger
 Confusing Touch          Hex            #.....       10%         1    #......
 Confuse                  Hex            #.......     28%         3    ###....
 Gell's Gravitas          Tloc           #.........   63%         3    ###....
 Petrify                  Tmut/Erth      #.......     95%         4    #####..
 Metabolic Englaciation   Hex/Ice        #.........   99%         5    ######.
 Yara's Violent Unravell  Hex/Tmut       #.........   99%         5    ######.


Dungeon Overview and Level Annotations

Branches:
Dungeon (7/15)             Temple (1/1) D:6

Altars:
Ashenzari
Cheibriados
Dithmenos
Elyvilon
Fedhas
Gozag
Hepliaklqana
Kikubaaqudgha
Nemelex Xobeh
Okawaru
Qazlal
Ru
Sif Muna
Trog
Uskayaw
Vehumet
Wu Jian
Xom
Yredelemnul
Zin

Shops:
D:4 [

Annotations:
D:3 3 runed translucent doors, Syader's ghost, amateur KoHu
D:5 Menkaure


Innate Abilities, Weirdness & Mutations

You have razor-sharp teeth.
Your natural rate of healing is unusually fast.
When hurt, damage is shared between your health and your magic reserves.
Your bite disrupts and absorbs the magic of your enemies.
Potions cannot restore your health.
You are immune to rotting.


Message History

As you read the scroll of blinking, it crumbles to dust.
* * * LOW HITPOINT WARNING * * *
You feel sick.
Your system rejects the healing.
You feel better. The hornet barely misses you.
Really walk into that dispersal trap?
You enter a dispersal trap!
The hornet blinks!
Your spectral weapon blinks!
You blink.
You feel yourself speed up.
Your spectral weapon fades away.
Casting: Spectral Weapon (safe; 21% risk of failure)
Confirm with . or Enter, or press ? or * to list all spells.
You miscast Regeneration.
You feel a strange surge of energy!
You are near starving!
The hornet stings you.
* * * LOW HITPOINT WARNING * * *
You suddenly lose the ability to move!
The hornet stings you!
You die...

.... ..# #.# #)# #.#
#.############# #(.........§§.#
################.#######
.......@y........§......
#########################.#######
.................................
#########################.#######
#....(... #########


You could see a hornet.

Vanquished Creatures
  Grinder (D:4)
  A hungry ghost (D:7)
  Edmund (D:5)
  A sky beast (D:5)
  2 phantoms
  2 centaurs
  4 ogres
  A bullfrog (D:6)
  Blork the orc (D:6)
  A water moccasin zombie (D:5)
  A scorpion (D:5)
  4 howler monkeys
  3 crimson imps
  2 hounds
  A bullfrog skeleton (D:6)
  A centaur skeleton (D:4)
  2 jellies
  2 orc wizards (D:5)
  An iguana (D:6)
  5 worker ants
  A hound skeleton (D:6)
  10 adders
  A river rat (D:3)
  An ooze (D:2)
  An adder skeleton (D:4)
  2 worms
  3 dart slugs
  4 leopard geckos
  10 orcs
  3 giant cockroaches
  10 goblins
  7 hobgoblins
  6 jackals
  2 quokkas
  4 ball pythons (D:3)
  3 bats
  4 frilled lizards
  8 kobolds
  A leopard gecko zombie (D:6)
  2 quokka skeletons
  A quokka zombie (D:5)
  11 rats
132 creatures vanquished.

Vanquished Creatures (others)
  A spectral weapon (D:2)
1 creature vanquished.

Grand Total: 133 creatures vanquished

Notes
Turn   | Place    | Note
-------+----------+-------------------------------------------
     0 | D:1      | Avack the Vine Stalker Skald began the quest for the Orb.
     0 | D:1      | Reached XP level 1. HP: 11/11 MP: 4/4
    71 | D:1      | Reached skill level 2 in Long Blades
   254 | D:1      | Reached XP level 2. HP: 14/15 MP: 1/6
   272 | D:1      | Learned a level 2 spell: Song of Slaying
   692 | D:1      | Reached skill level 3 in Long Blades
   918 | D:1      | Reached XP level 3. HP: 14/18 MP: 1/7
   936 | D:1      | Learned a level 3 spell: Spectral Weapon
  1512 | D:2      | Reached skill level 1 in Hexes
  1716 | D:2      | Gained mutation: Your natural rate of healing is unusually
                  | fast. [Vine Stalker growth]
  1716 | D:2      | Reached XP level 4. HP: 19/23 MP: 2/8
  2109 | D:2      | Found a glowing silver altar of Zin.
  2257 | D:3      | Found a shimmering altar of Xom.
  2257 | D:3      | Found an opulent altar of Gozag.
  2280 | D:3      | Found a runed translucent gate.
  2281 | D:3      | Found a runed translucent gate.
  2281 | D:3      | Found a runed translucent gate.
  2281 | D:3      | Noticed Syader's ghost (amateur KoHu)
  2361 | D:3      | You fall through a shaft!
  2369 | D:4      | Found Yrphomm's Antique Armour Boutique.
  2379 | D:4      | Found a radiant altar of Vehumet.
  2421 | D:4      | Reached XP level 5. HP: 26/26 MP: 9/9
  2422 | D:4      | Noticed Grinder
  2429 | D:4      | Paralysed by Grinder for 4 turns
  2441 | D:4      | Killed Grinder
  2441 | D:4      | Reached skill level 4 in Long Blades
  2441 | D:4      | Reached XP level 6. HP: 3/30 MP: 0/10
  2564 | D:4      | Reached skill level 5 in Long Blades
  2601 | D:4      | Reached XP level 7. HP: 34/34 MP: 11/11
  3177 | D:3      | Found a stormy altar of Qazlal.
  3475 | D:4      | Reached skill level 6 in Long Blades
  4017 | D:5      | Entered Level 5 of the Dungeon
  4047 | D:5      | Reached skill level 7 in Long Blades
  4112 | D:5      | Noticed Edmund
  4126 | D:5      | Killed Edmund
  4126 | D:5      | Gained mutation: You have razor-sharp teeth. [Vine Stalker
                  | growth]
  4126 | D:5      | Reached XP level 8. HP: 35/38 MP: 7/12
  4206 | D:5      | Reached skill level 8 in Long Blades
  4282 | D:5      | Noticed Menkaure
  4543 | D:5      | Learned a level 2 spell: Shroud of Golubria
  4547 | D:5      | Learned a level 3 spell: Regeneration
  5011 | D:6      | Reached skill level 9 in Long Blades
  5249 | D:6      | Reached XP level 9. HP: 42/42 MP: 13/13
  5262 | D:6      | Found a staircase to the Ecumenical Temple.
  5272 | Temple   | Entered the Ecumenical Temple
  5385 | Temple   | Became a worshipper of Uskayaw the Reveler
  5546 | D:6      | Reached * piety under Uskayaw
  5550 | D:6      | Reached ** piety under Uskayaw
  5557 | D:6      | Noticed Blork the orc
  5705 | D:6      | Killed Blork the orc
  5705 | D:6      | Reached skill level 10 in Long Blades
  6072 | D:7      | Reached *** piety under Uskayaw
  6078 | D:7      | Reached **** piety under Uskayaw
  6256 | D:7      | Noticed a hornet
  6265 | D:7      | Paralysed by a hornet for 2 turns
  6271 | D:7      | HP: 1/42 [poisoned by a hornet]
  6281 | D:7      | Paralysed by a hornet for 3 turns
  6282 | D:7      | Slain by a hornet

Levels and vault maps discovered:
D:1:      tarquinn_simple_flora_water_a, layout_basic
D:2:      layout_loops_corners, marbit_many_paths
D:3:      layout_loops_cross, nicolae_overflow_hidden_temple,
          gammafunk_temple_overflow_wave, portal_sewer_entry_e,
          ebering_ghost_rock_garden, first_ration, minmay_ruptured
D:4:      layout_basic, overflow_temple_1_default, serial_shops, shop,
          uniq_grinder
D:5:      minmay_chambers_of_fours, layout_cave_pools, uniq_edmund,
          uniq_menkaure
D:6:      layout_rooms, minmay_temple_entry_glassed_door, uniq_blork_the_orc
D:7:      layout_basic, nicolae_tso_carved_into_rock
Temple:   regret_index_temple_waves

Skill      XL: |  1  2  3  4  5  6  7  8  9 |
---------------+----------------------------+-----
Long Blades    | 2 3 4 5 7 9 10 | 10.7
Hexes          | 1 2 |  2.5
Charms         | 4 |  4.1
Fighting       | |  1.7
Armour         | |  0.7
Dodging        | |  1.5
Spellcasting   | |  2.1

Action                   |  1- 3 |  4- 6 |  7- 9 || total
-------------------------+-------+-------+-------++-------
Melee: Falchion          |    75 |    68 |   284 ||   427
       Bite              |    18 |    28 |   106 ||   152
Throw: Stone             |     5 |       |       ||     5
 Cast: Infusion          |     4 |     3 |     9 ||    16
       Song of Slaying   |     3 |       |     5 ||     8
       Spectral Weapon   |     1 |     4 |    18 ||    23
       Shroud of Golubri |       |       |     5 ||     5
       Regeneration      |       |       |     4 ||     4
  Use: Scroll            |       |     5 |     9 ||    14
       Potion            |       |       |     1 ||     1
 Stab: Sleeping          |     2 |     1 |       ||     3
       Distracted        |       |       |     2 ||     2
       Paralysed         |       |       |     2 ||     2
  Eat: Chunk             |     3 |     4 |    12 ||    19
       Ration            |       |       |     1 ||     1
Armor: Leather armour    |    26 |    12 |    48 ||    86
Dodge: Dodged            |    61 |    46 |   176 ||   283
       Rpst.: Falchion   |    25 |    12 |    55 ||    92

Table legend:
 A = Non-vault XP
 B = Vault XP
 C = Vault XP percentage of total XP
 D = Non-vault monster count
 E = Vault monster count
 F = Vault count percentage of total count
                 A         B        C        D         E       F
            +---------+---------+-------+---------+---------+-------
      Total |    2593 |     698 |  21.2 |     116 |      16 |  12.1
            +---------+---------+-------+---------+---------+-------
        D:1 |      40 |       0 |   0.0 |      21 |       0 |   0.0
        D:2 |      76 |      13 |  14.6 |      20 |       1 |   4.8
        D:3 |      60 |      23 |  27.7 |      19 |       8 |  29.6
        D:4 |     440 |     286 |  39.4 |      15 |       1 |   6.2
        D:5 |     742 |     286 |  27.8 |      19 |       5 |  20.8
        D:6 |     695 |      90 |  11.5 |      15 |       1 |   6.2
        D:7 |     540 |       0 |   0.0 |       7 |       0 |   0.0
            +---------+---------+-------+---------+---------+-------
